 Dungeon Crawl Stone Soup version 0.29.1-2-gbd0b4ee654 (webtiles) character file.

Game seed: 10050179224884304886

987 Gabide the Insei (level 8, 0/43 HPs)
             Began as a Vine Stalker Chaos Knight on Nov 1, 2022.
             Was a Plaything of Xom.
             Slain by Duvessa
             ... wielding a +0 rapier
              (3 damage)
             ... on level 6 of the Dungeon on Nov 4, 2022.
             The game lasted 00:08:57 (4459 turns).

Gabide the Insei (Vine Stalker Chaos Knight)        Turns: 4459, Time: 00:08:58

Health: 0/43       AC:  7    Str: 14 (15) XL:     8   Next: 18%
Magic:  0/12       EV: 11    Int: 12      God:    Xom [*.....]
Gold:   341        SH:  0    Dex: 16      Spells: 11/11 levels left

rFire   . . .      SeeInvis .   g - +8 short sword of Certain Death {freeze, rPois Stlth+}
rCold   . . .      Faith    .   (no shield)
rNeg    . . .      Spirit   +   f - +3 scale mail
rPois   +          Reflect  .   (no helmet)
rElec   .          Harm     .   v - +0 cloak
rCorr   .          Rampage  .   (no gloves)
Will    +....                   (no boots)
Stlth   +.........              s - amulet of magic regeneration
HPRegen 0.94/turn               (no ring)
MPRegen 0.53/turn               (no ring)

@: no status effects
A: fangs 3, regeneration 1, magic shield, antimagic bite, no potion heal 2,
deformed body, deterioration 1
a: Renounce Religion


You were on level 6 of the Dungeon.
You worshipped Xom.
You were a special plaything of Xom.
You visited 1 branch of the dungeon, and saw 6 of its levels.

You collected 341 gold pieces.

Inventory:

Hand Weapons
 g - the +8 short sword of Certain Death (weapon) {freeze, rPois Stlth+}
   (You found it on level 2 of the Dungeon)

   It freezes those it strikes, dealing additional cold damage.
   It can also slow down cold-blooded creatures.
   rPois:     It protects you from poison.
   Stlth:     It makes you more stealthy.
Armour
 a - a +2 leather armour
 f - a +3 scale mail (worn)
 v - a +0 cloak (worn)
Jewellery
 s - an amulet of magic regeneration (around neck)
Wands
 t - a wand of iceblast (4)
Scrolls
 e - 2 scrolls of brand weapon
 k - 2 scrolls of enchant weapon
 l - a scroll of enchant armour {unknown}
 m - 2 scrolls of blinking
 n - a scroll of magic mapping {unknown}
 p - 3 scrolls of immolation
 w - a scroll of amnesia
 x - a scroll of summoning {unknown}
Potions
 d - a potion of flight
 h - a potion of haste {unknown}
 i - a potion of curing
 j - a potion of invisibility {unknown}
 q - a potion of lignification {unknown}
 r - a potion of might {unknown}
 u - 2 potions of attraction
 z - a potion of brilliance {unknown}
Miscellaneous
 b - a piece from Xom's chessboard (12/15) (quivered)


   Skills:
 * Level 5.2 Fighting
 - Level 2.0 Armour
 * Level 4.1 Dodging
 * Level 5.8 Unarmed Combat
 + Level 2.2 Spellcasting


You had 11 spell levels left.
You didn't know any spells.
Your spell library contained the following spells:

 Spells                   Type           Power      Damage    Failure   Level
 Sublimation of Blood     Necr           1%         N/A       86%         2
 Petrify                  Tmut/Erth      1%         N/A       100%        4
 Irradiate                Conj/Tmut      0%         3d11      100%        5


Dungeon Overview and Level Annotations

Branches:
Dungeon (6/15)             Temple (0/1) D:4

Altars:
Gozag
Makhleb
Okawaru
Xom

Annotations:
D:6 Dowan, Duvessa


Innate Abilities, Weirdness & Mutations

You have razor-sharp teeth.
Your natural rate of healing is unusually fast.
When hurt, damage is shared between your health and your magic reserves.
Your bite disrupts and absorbs the magic of your enemies.
Potions cannot restore your health.
Armour fits poorly on your strangely shaped body.
Your body sometimes deteriorates upon taking damage.


Message History

Duvessa hits you with a +0 rapier!
* * * LOW HITPOINT WARNING * * *
You feel your intelligence returning.
Your piece from Xom's chessboard (12/15) has regained one charge.
Your Fighting skill increases to level 5!
Your Dodging skill increases to level 4!
Your Spellcasting skill increases to level 2!
You have reached level 8!
You feel agile.
Your teeth grow very long and razor-sharp.
You hit Duvessa but do no damage. You bite Duvessa. You drain her power.
You feel invigorated.
Duvessa is lightly wounded.
Dowan, Brother of Duvessa comes into view.
He is wielding a +0 dagger.
Duvessa hits you with a +0 rapier!
* * * LOW HITPOINT WARNING * * *
Press: ? - help, v - describe, . - travel, g - get item
Here: Duvessa, wielding a +0 rapier and wearing a +0 chain mail (lightly wounded)
Items here: a +0 troll leather armour; a troll corpse.
The floor, spattered with blood.
Unknown command.
The air fills with toxic fumes!
As you read the scroll of poison, it crumbles to dust.
Xom titters.
You are confused.
Duvessa looks rather confused.
Dowan looks rather confused.
Duvessa seems less confused.
Duvessa hits you with a +0 rapier!
* * * LOW HITPOINT WARNING * * *
You bump into the rock wall.
Dowan shouts!
Dowan is engulfed in poison gas.
Dowan is poisoned.
Duvessa hits you with a +0 rapier.
* * * LOW HITPOINT WARNING * * *
Okay, then.
Unknown command.
Your system rejects the healing.
You feel better.
Dowan is engulfed in poison gas.
Dowan looks even sicker.
Duvessa hits you with a +0 rapier.
You die...
Xom laughs nastily!

####### ###
##§§§§§####§#
#.§§§§§§§§§##
#.§§§§§§§§§#
#.§§§§§§§§##
#.§§§§§§§@#
#.§§§§§§e##
##§§§§§§§.#
#§§§§§§e...T...e
#§§§§§§§........
#§§§§§§.........
##§§§§§§........
#§§§§§§##......
#.....## ......


You could see Duvessa and Dowan (confused, very poisoned).

Vanquished Creatures
  A troll (D:6)
  2 ice beasts
  3 scorpions (D:5)
  A crimson imp (D:4)
  A hound (D:5)
  2 orc priests
  2 iguanas (D:5)
  2 orc wizards (D:6)
  4 gnolls (D:2)
  8 adders
  3 worms
  2 dart slugs
  6 orcs
  A ball python (D:4)
  6 bats
  5 endoplasms
  4 giant cockroaches
  4 goblins
  4 hobgoblins
  4 jackals (D:3)
  2 quokkas (D:5)
  5 frilled lizards
  4 kobolds (D:1)
  3 rats
79 creatures vanquished.

Notes
Turn   | Place    | Note
-------+----------+-------------------------------------------
     0 | D:1      | Gabide the Vine Stalker Chaos Knight began the quest for
                  | the Orb.
     0 | D:1      | Reached XP level 1. HP: 11/11 MP: 2/2
    19 | D:1      | XOM: silly message
   212 | D:1      | Found a faded altar of an unknown god.
   246 | D:1      | Reached skill level 1 in Dodging
   262 | D:1      | Reached XP level 2. HP: 14/16 MP: 1/3
   589 | D:1      | XOM: blink monster(s)
   592 | D:1      | XOM: 2-stop teleportation journey
   746 | D:1      | XOM: god gift: runed scale mail {god gift}
   875 | D:1      | Reached XP level 3. HP: 20/20 MP: 4/4
  1081 | D:2      | XOM: stealth player
  1130 | D:2      | Identified the +8 short sword of Certain Death {freeze,
                  | rPois Stlth+}
  1171 | D:2      | XOM: silly message
  1309 | D:2      | Gained mutation: Your natural rate of healing is unusually
                  | fast. [Vine Stalker growth]
  1309 | D:2      | Reached XP level 4. HP: 10/24 MP: 2/5
  2073 | D:3      | Reached XP level 5. HP: 28/28 MP: 6/6
  2092 | D:3      | XOM is BORED!
  2092 | D:3      | XOM: summons 3 hostile demons
  2136 | D:3      | XOM: summons 3 hostile demons
  2150 | D:3      | XOM: cloud trail
  2484 | D:3      | XOM: god gift: wand of iceblast (4)
  2579 | D:4      | Noticed an ice beast
  2581 | D:4      | XOM: 4-stop teleportation journey
  2582 | D:4      | Found a staircase to the Ecumenical Temple.
  2763 | D:4      | Found a shimmering altar of Xom.
  2764 | D:4      | Found a burning altar of Makhleb.
  3033 | D:4      | XOM: 2-stop teleportation journey
  3294 | D:4      | Killed an ice beast
  3295 | D:4      | Reached XP level 6. HP: 26/33 MP: 5/7
  3361 | D:5      | Entered Level 5 of the Dungeon
  3584 | D:5      | Reached skill level 1 in Spellcasting
  3584 | D:5      | Reached XP level 7. HP: 33/38 MP: 9/9
  3619 | D:5      | Found an iron altar of Okawaru.
  3724 | D:5      | Reached skill level 5 in Unarmed Combat
  3995 | D:5      | XOM is BORED!
  4095 | D:5      | XOM: give mutations
  4095 | D:5      | Gained mutation: You are frail. (-10% HP) [Xom's mischief]
  4095 | D:5      | Gained mutation: Your body sometimes deteriorates upon
                  | taking damage. [Xom's mischief]
  4095 | D:5      | Lost mutation: You are frail. (-10% HP) [Xom's mischief]
  4222 | D:6      | XOM: blink monster(s)
  4281 | D:6      | XOM: butterfly on damage
  4298 | D:6      | Found an opulent altar of Gozag.
  4417 | D:6      | XOM: give mutations
  4417 | D:6      | Gained mutation: You are frail. (-10% HP) [Xom's mischief]
  4417 | D:6      | Gained mutation: Armour fits poorly on your strangely
                  | shaped body. [Xom's mischief]
  4417 | D:6      | Lost mutation: You are frail. (-10% HP) [Xom's mischief]
  4440 | D:6      | Noticed a troll
  4443 | D:6      | Noticed Duvessa
  4452 | D:6      | XOM: silly message
  4455 | D:6      | Killed a troll
  4456 | D:6      | Reached skill level 5 in Fighting
  4456 | D:6      | Gained mutation: You have razor-sharp teeth. [Vine Stalker
                  | growth]
  4456 | D:6      | Reached XP level 8. HP: 11/43 MP: 4/12
  4456 | D:6      | Noticed Dowan
  4457 | D:6      | XOM: confusion (+ monsters)
  4458 | D:6      | HP: 2/43 [Duvessa/+0 rapier (3)]
  4459 | D:6      | Slain by Duvessa

Illustrated notes

Levels and vault maps discovered:
D:1:      lightli_arrival_isolated_outpost, layout_basic,
          shapermc_ecumenical_altar_ellora
D:2:      layout_basic, minmay_tall_x
D:3:      layout_loops_ring
D:4:      layout_cave_pods, grunt_temple_overflow_champion_of_chaos,
          minmay_temple_entry_steel_oval
D:5:      layout_gridville, amcnicky_altar_gilded, st_stairs_8
D:6:      layout_cave_pods, ashenzari_altar_1,
          nicolae_gozag_cash_rules_everything_around_me, uniq_duvessa

Skill      XL: |  1  2  3  4  5  6  7 |
---------------+----------------------+-----
Dodging        | 1 2 3 4 |  4.1
Fighting       | 3 4 5 |  5.2
Armour         | 2 |  2.0
Unarmed Combat | 4 5 |  5.8
Spellcasting   | 1 2 |  2.2

Action                   |  1- 3 |  4- 6 |  7- 9 || total
-------------------------+-------+-------+-------++-------
Melee: Unarmed           |    64 |       |       ||    64
       Bite              |    16 |    24 |    13 ||    53
       Short sword       |     8 |   107 |    57 ||   172
       Punch             |       |     2 |     2 ||     4
Evoke: Piece from Xom's  |     2 |     5 |     5 ||    12
  Use: Scroll            |       |     7 |     7 ||    14
       Potion            |       |       |     3 ||     3
 Stab: Sleeping          |       |     2 |       ||     2
Armor: Leather armour    |    23 |       |       ||    23
       Scale mail        |     5 |    46 |    35 ||    86
Dodge: Dodged            |    42 |    49 |    45 ||   136
